 Dungeon Crawl Stone Soup version 0.26-a0-771-g060e6a62af (console) character file.

Game seed: 8247821592975223959

71195 jejorda2 the Carver (level 14, -7/124 HPs)
             Began as a Red Draconian Ice Elementalist on Nov 7, 2020.
             Was the Champion of Ashenzari.
             Mangled by an ice devil (12 damage)
             ... in an ice cave on Nov 8, 2020.
             The game lasted 02:00:06 (31084 turns).

jejorda2 the Carver (DrIE)                         Turns: 31084, Time: 02:00:08

Health: -7/124     AC: 23    Str: 12    XL:     14   Next: 96%
Magic:  26/26      EV: 21    Int: 20    God:    Ashenzari [******]
Gold:   697        SH: 13    Dex: 15    Spells: 16/29 levels left

rFire    + . .     SeeInvis +   H - +1 double sword (holy) (curse)
rCold    . . .     Faith    +   b - +0 kite shield (curse)
rNeg     . . .     Spirit   .   (armour unavailable)
rPois    +         Reflect  .   y - +2 hat (curse)
rElec    .         Harm     .   p - +2 cloak (curse)
rCorr    .         Rampage  .   v - +2 pair of gloves (curse)
MR       ++...     Clarity  +   a - +2 pair of boots {Stlth+} (curse)
Stlth    ++++......             d - amulet of faith (curse)
HPRegen  0.30/turn              M - ring of Ashenzari's Generosity {rPois MR+ Dex+4} (curse)
MPRegen  0.20/turn              G - +4 ring of protection (curse)

@: slowed, very slow
A: breathe fire, unfitting armour, fire resistance 1, cold-blooded, AC +8
a: Breathe Fire, Curse Item, Scrying, Transfer Knowledge, Renounce Religion


You were in an ice cave.
You worshipped Ashenzari.
Ashenzari was exalted by your worship.
You visited 4 branches of the dungeon, and saw 22 of its levels.
You also visited: Ice Cave.

You collected 2776 gold pieces.
You spent 2079 gold pieces at shops.

Inventory:

Hand Weapons
 H - a cursed +1 double sword of holy wrath (weapon)
Missiles
 g - 807 stones
 h - 87 poisoned darts (quivered)
 k - 3 datura-tipped darts
 m - 21 javelins
 I - 4 throwing nets
Armour
 a - a cursed +2 pair of boots of stealth (worn)
 b - a cursed +0 kite shield (worn)
 i - the -2 hat of the Alchemist {rElec rPois rF+ rC+ rN+ MR+ rMut rCorr}
   (You found it in an ice cave)

   It protects you from fire.
   It protects you from cold.
   It insulates you from electricity.
   It protects you from poison.
   It protects you from negative energy.
   It affects your resistance to hostile enchantments.
   It provides partial protection from all sources of acid and corrosion.
   It protects you from mutation.
 p - a cursed +2 cloak (worn)
 v - a cursed +2 pair of gloves (worn)
 x - a +0 pair of gloves of strength
 y - a cursed +2 hat (worn)
Jewellery
 d - a cursed amulet of faith (around neck)
 G - a cursed +4 ring of protection (right hand)
 M - the cursed ring of Ashenzari's Generosity (left hand) {rPois MR+ Dex+4}
   (You found it on level 3 of the Lair of Beasts)

   [ring of protection from magic]

   It affects your dexterity (+4).
   It protects you from poison.
   It affects your resistance to hostile enchantments.
   It has a curse placed upon it.
Wands
 e - a wand of random effects (34)
 n - a wand of paralysis (8)
 s - a wand of flame (46)
 z - a wand of digging (3)
 B - a wand of acid (12)
 R - a wand of enslavement (21)
Scrolls
 j - 13 scrolls of teleportation
 t - 3 scrolls of fear
 E - 6 scrolls of amnesia
 O - 8 scrolls of identify
 Q - a scroll of remove curse
 T - a scroll of blinking
Potions
 c - 5 potions of lignification
 f - 2 potions of flight
 l - 4 potions of curing
 q - 4 potions of heal wounds
 r - 6 potions of attraction
 u - 2 potions of cancellation
 D - 11 potions of ambrosia
 F - 3 potions of haste
 K - 4 potions of magic
 L - 2 potions of resistance
 N - 2 potions of brilliance
 S - a potion of invisibility
 V - a potion of might
Miscellaneous
 o - a lightning rod (4/4)
 w - a condenser vane


   Skills:
 * Level 11.6 Fighting
 - Level 12.3(16.4) Long Blades
 + Level 5.4 Throwing
 + Level 7.9(12.3) Dodging
 - Level 3.0(6.8) Stealth
 - Level 12.3(15.0) Shields
 - Level 8.0 Spellcasting
 - Level 2.8(6.5) Conjurations
 - Level 6.5(11.0) Summonings
 - Level 1.9(5.1) Translocations
 - Level 6.5(11.0) Ice Magic
 - Level 2.8(6.6) Air Magic
 - Level 2.9(6.7) Poison Magic
 - Level 2.7(6.4) Evocations


You had 16 spell levels left.
You knew the following spells:

 Your Spells              Type           Power        Failure   Level
a - Freeze                Ice            ####         1%          1
b - Frozen Ramparts       Ice            ######       1%          3
c - Summon Ice Beast      Ice/Summ       ######..     1%          4
d - Mephitic Cloud        Conj/Pois/Air  ####....     1%          3
k - Blink                 Tloc           N/A          1%          2

Your spell library contained the following spells:

 Spells                   Type           Power        Failure   Level
 Magic Dart               Conj           ####         1%          1
 Call Imp                 Summ           ######..     1%          2
 Ensorcelled Hibernation  Hex/Ice        ####..       1%          2
 Ozocubu's Armour         Ice            ######..     1%          3
 Hailstorm                Conj/Ice       #####...     2%          4
 Corona                   Hex            ##.....      6%          1
 Conjure Flame            Conj/Fire      ###.....     6%          3
 Dazzling Flash           Conj/Hex       ###...       6%          3
 Portal Projectile        Hex/Tloc       ###...       8%          3
 Slow                     Hex            ##......     10%         2
 Confusing Touch          Hex            ##......     19%         3
 Inner Flame              Hex/Fire       ##......     19%         3
 Tukima's Dance           Hex            ##......     19%         3
 Cause Fear               Hex            ##........   54%         4
 Leda's Liquefaction      Hex/Erth       ##........   54%         4


Dungeon Overview and Level Annotations

Branches:
Dungeon (13/15)            Temple (1/1) D:4            Lair (6/6) D:9
  Swamp (0/4) Lair:2       Spider (0/4) Lair:2        Slime (0/5) Lair:6
    Orc (2/2) D:10            Elf (0/3) Orc:2         IceCv (1/1)
 Vaults: D:13-14

Altars:
Ashenzari
Dithmenos
Elyvilon
Fedhas
Makhleb
Okawaru
Qazlal
Ru
Sif Muna
Trog
Uskayaw
Xom
Yredelemnul
Zin
Beogh

Shops:
D:7 ?   D:13 =*   Orc:1 (   Orc:2 =([}


Innate Abilities, Weirdness & Mutations

You can breathe blasts of fire.
Your fiery red scales are hard. (AC +8)
You cannot fit into any form of body armour.
Your flesh is heat resistant. (rF+)
You are cold-blooded and may be slowed by cold attacks.


Message History

You are engulfed in freezing vapours.
* * * LOW HITPOINT WARNING * * *
You are engulfed in freezing vapours.
You feel yourself slow down.
* * * LOW HITPOINT WARNING * * *
The ice devil misses you.
You riposte.
You slash the ice devil!
The ice devil convulses.
You tail-slap the ice devil.
The ice devil is heavily wounded.
You feel much better.
You are engulfed in freezing vapours.
* * * LOW HITPOINT WARNING * * *
The ice devil closely misses you.
You riposte.
You slash the ice devil!
The ice devil convulses!
Your tail-slap misses the ice devil.
The ice devil is moderately wounded.
You block the ice devil's attack. x2; The ice devil barely misses you.
You feel much better.
You are engulfed in freezing vapours.
* * * LOW HITPOINT WARNING * * *
The ice devil hits you!
* * * LOW HITPOINT WARNING * * *
The ice devil freezes you!
You feel as though you will be slow longer.
You die...

## ######..##.....##§.§#
.###§#≈.§.........###§.#
..#....§§...##...##○○§##
......§###########°○○##
....#### ≈≈≈≈≈###§§○##
..###≈ ≈######≈.§### ###
≈ *#.§§§☼○§##
#≈≈≈***,,.§°§§☼○§○### ≈
*,,, ##☼○§§§@4☼○# * ≈*
,, {*#.☼####§4§4§§#* **{
, .., ,,#.○4§○☼☼# * ,, *
. , ,,##..≈§...** { ,,**
, ,*#§°○... * ,,,,, , ,*
, .☼°... * ≈≈ *,,, * , *
** §○..§#* ≈ ≈ * *,,, *
,, #○.### ≈ ,, ,, ,, ,
**


You could see 4 ice devils.

Vanquished Creatures
  Jorgrun (Orc:2)
  4 orc warlords
  A dire elephant (Lair:6)
  5 hydras
  2 boulder beetles
  A catoblepas (Lair:6)
  A centaur warrior (D:11)
  10 death yaks
  5 two-headed ogres
  A deep troll shaman (Lair:6)
  3 deep elf magi
  2 orc sorcerers
  2 oklob plants (Lair:4)
  A lindwurm (Lair:6)
  2 orc knights (Orc:2)
  A cyclops (D:12)
  An ugly thing (D:13)
  6 elephants
  3 black mambas
  2 ice statues (IceCv)
  A gargoyle (D:10)
  12 cane toads
  4 komodo dragons
  A kobold demonologist (D:12)
  4 rime drakes
  7 ice devils (IceCv)
  A queen bee (D:9)
  A polar bear (Lair:5)
  3 hornets
  10 trolls
  A tyrant leech (Lair:2)
  3 slime creatures (D:13)
  A blink frog (Lair:6)
  5 dream sheep (Lair:4)
  3 wraiths
  A shadow (D:11)
  A vampire (D:13)
  4 wyverns
  16 yaks
  A basilisk (Lair:4)
  2 swamp worms (Lair:2)
  9 wargs
  7 water moccasins
  A nameless horror (Lair:2)
  A soldier ant (D:11)
  2 black bears
  2 sky beasts
  A swamp drake (Orc:2)
  44 orc warriors
  3 ice beasts
  14 ogres
  11 centaurs
  15 wolves
  A big kobold (D:12)
  11 bullfrogs
  A gnoll sergeant (Orc:1)
  A water moccasin zombie (D:6)
  A wyvern zombie (D:11)
  14 wights
  25 killer bees
  An electric eel (Lair:1)
  3 howler monkeys
  A crimson imp (Orc:2)
  2 bullfrog zombies
  11 hounds
  30 orc wizards
  22 orc priests
  3 jellies
  Crazy Yiuf (D:2)
  A gnoll shaman (Orc:2)
  An iron imp (Orc:2)
  A bullfrog skeleton (D:4)
  13 worker ants
  A killer bee zombie (D:7)
  2 hound zombies (D:5)
  A hound skeleton (D:8)
  A worker ant zombie (D:5)
  17 adders
  15 gnolls
  2 shadow imps
  10 white imps
  8 ufetubi
  2 oozes
  An adder zombie (D:5)
  2 adder skeletons
  5 worms
  4 dart slugs
  8 leopard geckos
  123 orcs
  6 bats
  7 giant cockroaches
  6 goblins
  8 hobgoblins
  9 jackals
  14 kobolds
  6 quokkas
  3 ball pythons
  9 frilled lizards
  3 quokka skeletons
  3 rats
666 creatures vanquished.

Vanquished Creatures (collateral kills)
  Rupert (D:12)
  Harold (Lair:2)
  4 hydras
  2 death yaks (Lair:6)
  An oklob plant (Lair:4)
  A black mamba (Lair:1)
  5 cane toads
  3 rime drakes
  2 komodo dragons
  2 polar bears
  A tyrant leech (Lair:2)
  3 blink frogs (Lair:6)
  4 yaks
  A wyvern (Lair:3)
  A basilisk (Lair:5)
  5 water moccasins
  An acid dragon (D:11)
  A necrophage (D:8)
  An orc warrior (Orc:1)
  2 phantoms
  A sky beast (D:7)
  An ogre (D:8)
  5 wolves
  2 big kobolds (D:10)
  A bullfrog (Lair:4)
  4 killer bees (D:9)
  A centaur zombie (D:10)
  11 jellies (Lair:6)
  An orc priest (D:10)
  2 orc wizards
  An iguana (D:10)
  3 worker ants
  A gnoll (D:5)
  A leopard gecko (D:8)
  7 orcs
  2 kobolds (D:10)
  A bush (Lair:6)
  A butterfly (Lair:6)
88 creatures vanquished.

Vanquished Creatures (others)
  A shadow imp (Orc:2)
  4 white imps (IceCv)
  2 ufetubi (IceCv)
  3 orcs (Orc:2)
  27 fungi
  39 plants
76 creatures vanquished.

Grand Total: 830 creatures vanquished

Notes
Turn   | Place    | Note
-------+----------+-------------------------------------------
     0 | D:1      | jejorda2 the Draconian Ice Elementalist began the quest for
                  | the Orb.
     0 | D:1      | Reached XP level 1. HP: 14/14 MP: 3/3
   317 | D:1      | Reached skill level 1 in Fighting
   343 | D:1      | Reached XP level 2. HP: 19/23 MP: 1/5
   731 | D:1      | Reached XP level 3. HP: 29/29 MP: 1/6
  1013 | D:2      | Learned a level 3 spell: Frozen Ramparts
  1337 | D:2      | Found a runed translucent door.
  1338 | D:2      | Noticed Crazy Yiuf
  1344 | D:2      | Killed Crazy Yiuf
  1344 | D:2      | Reached XP level 4. HP: 29/37 MP: 3/8
  1962 | D:2      | Reached XP level 5. HP: 38/45 MP: 9/9
  1987 | D:2      | Learned a level 4 spell: Summon Ice Beast
  2493 | D:3      | Reached skill level 1 in Summonings
  2765 | D:3      | Reached skill level 5 in Ice Magic
  3297 | D:3      | Found a glowing silver altar of Zin.
  3301 | D:3      | Found an iron altar of Okawaru.
  3314 | D:3      | Found a stormy altar of Qazlal.
  3472 | D:4      | Reached XP level 6. HP: 40/52 MP: 9/11
  3485 | D:5      | Entered Level 5 of the Dungeon
  3745 | D:4      | Found a staircase to the Ecumenical Temple.
  3759 | Temple   | Entered the Ecumenical Temple
  3765 | Temple   | Became a worshipper of Ashenzari the Shackled
  4033 | D:4      | Your scales start taking on a fiery red colour.
  4033 | D:4      | Reached XP level 7. HP: 56/59 MP: 8/12
  4033 | D:4      | Gained mutation: Your flesh is heat resistant. (rF+) [Red
                  | Draconian growth]
  4193 | D:4      | Found a hide-covered altar of Uskayaw.
  5128 | D:5      | Reached skill level 5 in Fighting
  5128 | D:5      | Reached skill level 5 in Ice Magic
  5128 | D:5      | Reached XP level 8. HP: 51/68 MP: 3/14
  5293 | D:5      | Learned a level 3 spell: Mephitic Cloud
  5571 | D:5      | Reached skill level 1 in Conjurations
  5670 | D:5      | Reached skill level 1 in Air Magic
  5670 | D:5      | Reached skill level 1 in Poison Magic
  6920 | D:6      | Reached skill level 5 in Spellcasting
  7181 | D:6      | Found a basalt altar of Yredelemnul.
  7201 | D:6      | Found a burning altar of Makhleb.
  7219 | D:6      | Reached * piety under Ashenzari
  7444 | D:7      | Found Zinlom's Magic Scroll Shoppe.
  7469 | D:7      | Reached skill level 5 in Summonings
  7535 | D:7      | Reached XP level 9. HP: 24/75 MP: 12/16
  8388 | D:7      | Found a shimmering blue altar of Sif Muna.
  8514 | D:7      | Reached ** piety under Ashenzari
  8520 | D:7      | Learned a level 2 spell: Blink
  8682 | D:8      | Reached skill level 1 in Translocations
  8751 | D:8      | Reached skill level 1 in Evocations
  9552 | D:8      | Identified a scroll of acquirement
  9552 | D:8      | Acquired 744 gold pieces
  9565 | D:8      | Found a shimmering blue altar of Sif Muna.
  9756 | D:9      | Noticed a queen bee
  9768 | D:9      | Killed a queen bee
  9768 | D:9      | Reached XP level 10. HP: 88/88 MP: 4/19
 10046 | D:9      | Reached *** piety under Ashenzari
 10191 | D:9      | Reached skill level 1 in Shields
 10385 | D:9      | Found a staircase to the Lair.
 10698 | Lair:1   | Entered Level 1 of the Lair of Beasts
 11056 | Lair:1   | Reached skill level 1 in Long Blades
 11351 | Lair:1   | Noticed a black mamba
 11366 | Lair:1   | Killed a black mamba
 11368 | Lair:1   | Reached **** piety under Ashenzari
 11618 | Lair:1   | Noticed a cane toad
 11624 | Lair:1   | Killed a cane toad
 11624 | Lair:1   | Reached skill level 5 in Long Blades
 11704 | Lair:1   | Noticed a cane toad
 11716 | Lair:1   | Killed a cane toad
 12023 | Lair:1   | Noticed a cane toad
 12026 | Lair:1   | Noticed a cane toad
 12036 | Lair:1   | Killed a cane toad
 12036 | Lair:1   | Reached XP level 11. HP: 58/94 MP: 15/22
 12851 | Lair:2   | Found a hole to the Spider Nest.
 12990 | Lair:2   | Acquired a cursed +1 double sword of holy wrath
 13129 | Lair:2   | Found a blossoming altar of Fedhas.
 13223 | Lair:2   | Noticed Harold
 13239 | Lair:2   | Killed Harold
 13587 | Lair:2   | Noticed a six-headed hydra
 13597 | Lair:2   | Killed a six-headed hydra
 13800 | Lair:2   | Noticed a four-headed hydra
 13811 | Lair:2   | Killed a four-headed hydra
 14012 | Lair:2   | Found a staircase to the Swamp.
 14277 | Lair:3   | Noticed a six-headed hydra
 14294 | Lair:2   | Killed a six-headed hydra
 14580 | Lair:3   | Noticed a four-headed hydra
 14586 | Lair:3   | Killed a four-headed hydra
 14586 | Lair:3   | Reached skill level 10 in Long Blades
 15149 | Lair:3   | Reached XP level 12. HP: 54/101 MP: 2/23
 15361 | Lair:3   | Noticed a seven-headed hydra
 15579 | Lair:3   | Reached ***** piety under Ashenzari
 15758 | Lair:3   | Killed a seven-headed hydra
 15886 | Lair:3   | Identified the ring of Ashenzari's Generosity {rPois MR+
                  | Dex+4}
 17030 | Lair:4   | Noticed a boulder beetle
 17195 | Lair:4   | Noticed a five-headed hydra
 17204 | Lair:4   | Killed a five-headed hydra
 17373 | Lair:4   | Killed a boulder beetle
 17719 | Lair:4   | Noticed a death yak
 17761 | Lair:4   | Identified the +5 broad axe of the Silent Majority {holy,
                  | rC+ Str+2 Int+5 Stlth-}
 17862 | Lair:4   | Reached skill level 5 in Shields
 17938 | Lair:4   | Noticed a five-headed hydra
 17947 | Lair:4   | Killed a five-headed hydra
 18183 | Lair:4   | Noticed a death yak
 18193 | Lair:4   | Noticed a death yak
 18202 | Lair:4   | Killed a death yak
 18221 | Lair:4   | Killed a death yak
 18228 | Lair:4   | Killed a death yak
 18457 | Lair:4   | Reached skill level 5 in Dodging
 19013 | Lair:5   | Noticed an eight-headed hydra
 19065 | Lair:5   | Found a broken altar of Ashenzari.
 19352 | Lair:5   | Killed an eight-headed hydra
 19858 | Lair:6   | Entered Level 6 of the Lair of Beasts
 19858 | Lair:6   | Noticed a six-headed hydra
 19866 | Lair:6   | Killed a six-headed hydra
 19866 | Lair:6   | Reached XP level 13. HP: 99/107 MP: 10/24
 19945 | Lair:6   | Reached ****** piety under Ashenzari
 20690 | Lair:6   | Reached skill level 10 in Shields
 20857 | Lair:6   | Found a staircase to the Slime Pits.
 21240 | Lair:6   | Noticed a dire elephant
 21254 | Lair:6   | Killed a dire elephant
 21473 | Lair:6   | Identified the cursed +1 mace of Checks and Balances
                  | {vorpal, rPois MR+ Int+4}
 21755 | D:10     | Entered Level 10 of the Dungeon
 21761 | D:10     | Found a staircase to the Orcish Mines.
 23124 | D:11     | Reached skill level 1 in Throwing
 24153 | D:12     | Noticed Rupert
 24156 | D:12     | Paralysed by Rupert for 4 turns
 24556 | Orc:1    | Entered Level 1 of the Orcish Mines
 24568 | D:10     | Reached XP level 14. HP: 105/115 MP: 17/25
 25000 | Orc:2    | Entered Level 2 of the Orcish Mines
 25255 | Orc:1    | Found Lapsosa's Antique Weapon Shop.
 25255 | Orc:1    | Noticed Jorgrun
 25395 | Orc:1    | Noticed an orc warlord
 25504 | Orc:2    | Killed Jorgrun
 25916 | Orc:2    | Killed an orc warlord
 26492 | Orc:1    | Noticed an orc warlord
 26712 | Orc:1    | Killed an orc warlord
 27805 | Orc:2    | Reached skill level 10 in Fighting
 27816 | Orc:2    | Found a roughly hewn altar of Beogh.
 27829 | Orc:2    | Found Padoofu's Weapon Shoppe.
 28088 | Orc:2    | Noticed an orc warlord
 28115 | Orc:2    | Killed an orc warlord
 28121 | Orc:2    | HP: 9/181 [orc warrior/+0 scimitar[an orc warlord] (16)]
 28660 | Orc:2    | Found a roughly hewn altar of Beogh.
 28661 | Orc:2    | Found Kaasiskuar's Gadget Emporium.
 28746 | Orc:2    | Noticed an orc warlord
 28867 | Orc:2    | Killed an orc warlord
 28945 | Orc:2    | Found Fugahexi's Antique Weapon Shop.
 28971 | Orc:2    | Found a roughly hewn altar of Beogh.
 28975 | Orc:2    | Found Safyeluug's Antique Armour Boutique.
 28991 | Orc:2    | Bought a pair of embroidered boots for 277 gold pieces
 29048 | Orc:2    | Found a roughly hewn altar of Beogh.
 29122 | Orc:2    | Found Gaezeser's Jewellery Emporium.
 29124 | Orc:2    | Found a roughly hewn altar of Beogh.
 29144 | Orc:2    | Found a staircase to the Elven Halls.
 29332 | Orc:2    | Bought a lightning rod (4/4) for 510 gold pieces
 29332 | Orc:2    | Bought a condenser vane for 680 gold pieces
 29384 | Orc:1    | Bought a glowing demon blade for 612 gold pieces
 29389 | Orc:1    | Upgraded the game from 0.26-a0-757-g626ac9e51a to
                  | 0.26-a0-771-g060e6a62af
 29771 | D:12     | Found a blossoming altar of Fedhas.
 29797 | D:12     | Killed Rupert
 30153 | D:13     | Found Bedozoud's Jewellery Emporium.
 30167 | D:13     | Reached skill level 5 in Throwing
 30267 | D:13     | Found a frozen archway.
 30310 | D:13     | Found Vaenezui's General Store.
 30354 | IceCv    | Entered an ice cave
 30901 | IceCv    | Found the -2 hat of the Alchemist {rElec rPois rF+ rC+ rN+
                  | MR+ rMut rCorr}
 31081 | IceCv    | HP: 6/124 [something (9)]
 31084 | IceCv    | Mangled by an ice devil

Illustrated notes

Levels and vault maps discovered:
D:1:      scummos_arrival_forest, layout_rooms, minmay_misc_feat_rows
D:2:      layout_basic, kennysheep_path_1, kennysheep_generic_room_5,
          uniq_crazy_yiuf_cottage
D:3:      layout_basic, minitemple
D:4:      layout_basic, minmay_temple_entry_statues_fountains,
          lemuel_altar_in_water
D:5:      kennysheep_windowed_halls, layout_cave_pools
D:6:      layout_basic, lemuel_crystal_altar, lightli_temple_of_fire
D:7:      layout_basic, serial_shops, shop, lemuel_blue_sif_altar
D:8:      layout_loops_ring, kennysheep_mini
D:9:      layout_roguey [special_room_bee], dpeg_oklobed_lair
D:10:     layout_irregular_city, orc_0_dummy
D:11:     layout_loops_corners
D:12:     layout_roguey, fedhas_bush_and_centaur_altar, uniq_rupert
D:13:     minmay_the_grid_triangle_9x9_rhombus_full
          [minmay_the_grid_triangle_9x9_thin_v,
          minmay_the_grid_triangle_9x9_impossible_snake,
          minmay_the_grid_triangle_9x9_stretched_checkered,
          minmay_the_grid_triangle_9x9_corrupted_corridor,
          minmay_the_grid_triangle_9x9_checkered,
          minmay_the_grid_triangle_9x9_dagger,
          minmay_the_grid_triangle_9x9_from_above,
          minmay_the_grid_triangle_9x9_prize_special], layout_basic,
          grunt_vaults_entry_tiered, portal_ice_cave_entry_pillars_2,
          serial_shops, nicolae_shop_behind_doors, nicolae_shop_statue_plus,
          shop, shop
Temple:   eino_temple_rhombus
Lair:1:   layout_roguey, chequers_serial_rivers_small_3, serial_bayou_shore_b,
          infiniplex_staircase_pool, grunt_megastairs_1, serial_bayou_shore_b
Lair:2:   layout_regular_city, palyth_hydra_swamp_entry, dummy_spider_entry,
          basic_altar, uniq_harold
Lair:3:   layout_cave_shapes, grunt_megastairs_5
Lair:4:   layout_layer_cave, grunt_megastairs_4, serial_bayou_shore_a,
          minmay_lair_oklob_chamber
Lair:5:   layout_misc_corridors, basic_altar
Lair:6:   grunt_lair_end_beastmaster, layout_misc_corridors,
          minmay_slime_entry_jelly_boxes, columned_hall_lemuel,
          minmay_lair_drake_nest, lemuel_fruit_fields, lemuel_fruit_tree
Orc:1:    layout_caves, serial_shops, shop, sword_in_stone, uniq_jorgrun
Orc:2:    grunt_orc_community_town_hall, layout_caves,
          grunt_orc_community_big_house_1, grunt_orc_community_big_house_2,
          grunt_orc_community_house_3, grunt_orc_community_house_1,
          grunt_orc_community_house_3, grunt_orc_community_house_1,
          serial_shops, shop, hangedman_minor_magic
IceCv:    ice_cave_small_demon

Skill      XL: |  1  2  3  4  5  6  7  8  9 10 11 12 13 14 |
---------------+-------------------------------------------+-----
Fighting       | 1 2 3 4 5 7 8 11 | 11.6
Spellcasting   | 3 4 5 6 7 8 |  8.0
Summonings     | 2 3 4 5 6 |  6.5
Ice Magic      | 5 4 5 6 |  6.5
Conjurations   | 2 |  2.8
Air Magic      | 2 |  2.8
Poison Magic   | 2 |  2.9
Dodging        | 3 5 6 7 |  7.9
Translocations | 1 |  1.9
Evocations     | 2 |  2.7
Shields        | 4 7 12 | 12.3
Long Blades    | 6 10 12 | 12.3
Throwing       | 2 5 |  5.4
Stealth        | 3 |  3.0

Action                   |  1- 3 |  4- 6 |  7- 9 | 10-12 | 13-15 || total
-------------------------+-------+-------+-------+-------+-------++-------
Melee: Unarmed           |    19 |       |       |       |       ||    19
       Short sword       |    74 |       |       |       |       ||    74
       Tailslap          |     6 |     3 |    30 |    48 |   150 ||   237
       Quarterstaff      |       |    59 |   133 |    32 |       ||   224
       Flail             |       |    61 |   146 |       |       ||   207
       Dagger            |       |       |     5 |       |       ||     5
       Scimitar          |       |       |       |   293 |   199 ||   492
       Double sword      |       |       |       |       |   835 ||   835
Throw: Dart              |     4 |     5 |     5 |     4 |    16 ||    34
 Cast: Freeze            |    23 |     6 |    33 |    57 |     4 ||   123
       Frozen Ramparts   |     3 |    17 |    36 |    44 |    53 ||   153
       Summon Ice Beast  |       |       |    10 |    99 |    60 ||   169
       Mephitic Cloud    |       |       |       |     5 |    15 ||    20
       Blink             |       |       |       |       |     1 ||     1
Invok: Curse Item        |       |       |     4 |     3 |     3 ||    10
 Abil: Breathe Fire      |       |       |    16 |    28 |    20 ||    64
Evoke: Wand              |       |       |       |       |     4 ||     4
  Use: Scroll            |       |     8 |    11 |     8 |     6 ||    33
       Potion            |       |       |     2 |       |     4 ||     6
 Stab: Distracted        |       |     1 |     1 |     3 |     5 ||    10
       Sleeping          |       |     1 |       |     1 |    10 ||    12
       Confused          |       |       |       |     3 |    15 ||    18
       Paralysed         |       |       |       |       |     1 ||     1
Armor: Skin              |    24 |    41 |   163 |    85 |   171 ||   484
Dodge: Dodged            |    67 |    73 |   261 |   185 |   523 ||  1109
Block: Buckler           |       |       |       |    56 |   217 ||   273
       Kite shield       |       |       |       |       |   269 ||   269
       Rpst.: Scimitar   |       |       |       |    54 |    35 ||    89
       Double sword      |       |       |       |       |   104 ||   104

Table legend: (Time is in decaauts)
 A = Elapsed time spent in this place.
 B = Non-inter-level travel time spent in this place.
 C = Inter-level travel time spent in this place.
 D = Time resting spent in this place.
 E = Time spent auto-exploring this place.
 F = Levels seen in this place.
 G = Mean time per level.
                   A        B        C        D        E       F      G
               +--------+--------+--------+--------+--------+-----+--------+
         Total |  30972 |  29739 |   1233 |   3272 |  20591 |  23 | 1346.6 |
       Dungeon |  14662 |  14035 |    627 |    216 |  10971 |  13 | 1127.8 |
        Temple |     30 |      9 |     21 |      2 |      3 |   1 |   30.0 |
          Lair |  10984 |  10587 |    397 |   1373 |   7585 |   6 | 1830.7 |
  Orcish Mines |   4563 |   4376 |    187 |   1154 |   2012 |   2 | 2281.5 |
      Ice Cave |    731 |    731 |      0 |    527 |     19 |   1 |  731.0 |
               +--------+--------+--------+--------+--------+-----+--------+

Top non-repeatable levels by time:
   Orc:2: 2815 daAuts
  Lair:4: 2694 daAuts
  Lair:1: 2181 daAuts
  Lair:2: 1958 daAuts
     D:5: 1846 daAuts
  Lair:6: 1768 daAuts
   Orc:1: 1748 daAuts
  Lair:3: 1674 daAuts
     D:2: 1502 daAuts
    D:11: 1392 daAuts
    D:10: 1380 daAuts
     D:4: 1363 daAuts
     D:8: 1286 daAuts
     D:7: 1243 daAuts
     D:1: 1005 daAuts
